kba, neutral male gnomish Wizard --- ---- -------- .| |.. |......| .| |.. |......| .| -..- --....-- -.| |..| --..-- |.- ---..| --+ -- --.| |. ....| ... . |.| |. ....| ...-.+- ---|.| |.- -...| ----- ....| --.--.| |.| +...| ... . ... |.....|------ |.| |...| -... ---|--.------ --....|.--..-- |.----...--+-- |..- |........... --........<..-----...|........| |..| -----....-.------ |....................|..#.....----..| |%%I-...........| --...-------.-----...|-...%{........| |.%.|....-...._.| --.-- --- --...--..|....#.....--------....|......| --- --........|-.....................|------- |...---.--------------.....------- |.|....-- |....-- ----.--- ---..| --- ---- kba the Conjurer Experience level: 4 Strength: 13 Dexterity: 18 Constitution: 12 Intelligence: 16 Wisdom: 10 Charisma: 8 Health: 0(26) Energy: 35(35) Def: 3 Gold: 0 Moves: 1801 Dungeon seed: NYYwuk1fApv-n-Wf Game ID: kba_1441313534 Your Inventory: Weapons a - a blessed +1 quarterstaff (weapon in hands) Armor e - an uncursed +0 cloak of magic resistance (being worn) n - an uncursed +0 cloak of displacement q - an uncursed +0 orcish helm (being worn) Y - an uncursed +0 leather jacket (being worn) Comestibles o - 2 uncursed food rations C - an uncursed food ration Scrolls i - an uncursed scroll of teleportation j - an uncursed scroll of magic mapping k - an uncursed scroll of light Spellbooks l - a blessed spellbook of force bolt m - an uncursed spellbook of slow monster Potions f - a blessed potion of sickness g - an uncursed potion of object detection Rings c - an uncursed ring of poison resistance (on left hand) d - an uncursed ring of polymorph control (on right hand) B - an uncursed +1 ring of increase accuracy Wands b - an uncursed wand of locking (0:8) Tools A - an uncursed lock pick Gems r - 2 uncursed worthless pieces of green glass y - 2 uncursed worthless pieces of orange glass z - an uncursed opal N - an uncursed jade stone Spells and supernatural/magical abilities: Name Level Category Fail Memory a - force bolt 1 attack 0% 91% s - slow monster 2 enchantment 0% 91% W - pray for help -- divine ? -- Your skills at the end: Fighting Skills Weapon Skills quarterstaff [Basic] Spellcasting Skills attack spells [Basic] enchantment spells [Basic] Final Attributes: You were devoutly aligned. You were poison resistant. You were magic-protected. You were blinded. You had infravision. You had polymorph control. You are dead. Vanquished creatures: a kobold lord a dwarf zombie a werejackal an iguana 2 coyotes 2 hobbits a large kobold 4 giant rats 2 yellow molds a garter snake a gnome zombie a gecko 9 jackals a goblin a sewer rat a bat 3 lichens 4 kobold zombies 4 newts 41 creatures vanquished. Voluntary challenges: You were an atheist. You used a wielded weapon 56 times, starting on turn 118. You read items or engraved 1 time, starting on turn 1204. You never genocided any monsters. You never polymorphed an object. You never changed form. You used no wishes. You never split a pudding. You never wrote Elbereth's name. You violated your moral code, losing 1 point of alignment, starting on turn 1798. Dungeon overview: The Dungeons of Doom: levels 1 to 2 Level 1 a long staircase Level 2 a fountain stairs to The Gnomish Mines The Gnomish Mines: levels 3 to 5 Level 3 stairs to The Dungeons of Doom Level 4 Level 5 <- You were here a delicatessen, a temple to Ptah, a fountain, some trees History has recorded: On T:1 you entered the Dungeons of Doom to retrieve the Amulet of Yendor! On T:302 you reached level 2 of The Dungeons of Doom. On T:707 you advanced to experience level 2. On T:724 you reached level 1 of The Gnomish Mines. On T:1006 you advanced to experience level 3. On T:1097 you reached level 2 of The Gnomish Mines. On T:1305 you advanced to experience level 4. On T:1450 you reached level 3 of The Gnomish Mines. Score breakdown: Gold: 0 ( 0 points) Experience: 4 levels ( 9649 points) Exploration: 5 levels ( 10.20%) ( 8660 points) Discoveries: 4 items ( 1.39%) ( 3541 points) Valuables value: (no points given unless you survive) Artifact value: 0 ( 0 points) Variety of kills: 19 monsters ( 4.99%) ( 6699 points) Turncount: 1801 turns ( 0 points) Survival: died (score multiplied by 80%) Total score: 22839 Latest messages: You hit it. It hits! (3x) You die... Pameunpeuk takes all your possessions. Final status: Goodbye kba the Wizard, killed by a Mr. Pameunpeuk, the shopkeeper... You died in The Gnomish Mines on dungeon level 5 with 22839 points, and 0 pieces of gold, after 1801 moves. You were level 4 with a maximum of 26 hit points when you died.